 Dungeon Crawl Stone Soup version 0.30.1-11-g7821555f0a (webtiles) character file.

Game seed: 6375805971664333160

174 Arctor the Ruffian (level 5, 0/50 HPs)
             Began as a Draconian Transmuter on Jan 12, 2024.
             Slain by an ogre
             ... wielding a +0 giant club
              (15 damage)
             ... on level 4 of the Dungeon.
             The game lasted 00:03:25 (3507 turns).

Arctor the Ruffian (Draconian Transmuter)           Turns: 3507, Time: 00:03:25

Health: 0/50       AC:  5    Str: 13    XL:     5   Next: 28%
Magic:  4/9        EV: 10    Int: 15    God:
Gold:   170        SH:  0    Dex: 11    Spells: 4/9 levels left

rFire   x . .        p - melded +3 quarterstaff (chaos)
rCold   + + +        (shield currently unavailable)
rNeg    . . .        (body armour unavailable)
rPois   +            (helmet currently unavailable)
rElec   .            e - melded +1 cloak
rCorr   .            (gloves currently unavailable)
SInv    .            (boots currently unavailable)
Will    .....        (no amulet)
Stlth   +            i - ring of wizardry
HPRegen 0.28/turn    (no ring)
MPRegen 0.11/turn

%: wizardry (x1)
@: ice-form
A: freezing attack, amphibious, boosted hp, AC +5, large, unfitting armour,
(cold-blooded)
a: End Transformation


You were on level 4 of the Dungeon.
You were a creature of crystalline ice.
You visited 1 branch of the dungeon, and saw 4 of its levels.

You collected 170 gold pieces.

Inventory:

Hand Weapons
 p - a +3 quarterstaff of chaos (melded)
Missiles
 d - 3 javelins
 j - 2 throwing nets
Armour
 e - a +1 cloak (melded)
Jewellery
 i - a ring of wizardry (left front paw)
Wands
 b - a wand of iceblast (5)
 f - a wand of paralysis (10)
Scrolls
 k - a scroll of silence {unknown}
 m - a scroll of amnesia {unknown}
 n - a scroll of magic mapping {unknown}
 o - a scroll of identify {unknown}
 q - a scroll of enchant armour {unknown}
 r - a scroll of vulnerability {unknown}
Potions
 a - a potion of lignification
 c - a potion of magic {unknown}
 g - a potion of brilliance {unknown}
 h - 4 potions of degeneration {unknown}
 l - a potion of curing {unknown}


   Skills:
 + Level 2.5 Fighting
 + Level 2.7 Dodging
 + Level 3.8 Unarmed Combat
 + Level 2.8 Spellcasting
 + Level 3.0 Transmutations


You had 4 spell levels left.
You knew the following spells:

 Your Spells              Type           Power      Damage    Failure   Level
a - Beastly Appendage     Tmut           22%        N/A       2%          1
b - Ice Form              Ice/Tmut       6%         N/A       38%         4

Your spell library contained the following spells:

 Spells                   Type           Power      Damage    Failure   Level
 Wereblood                Tmut           11%        N/A       3%          2
 Spider Form              Tmut/Pois      6%         N/A       13%         3


Dungeon Overview and Level Annotations

Branches:
Dungeon (4/15)
 Temple: D:4-7

Altars:
Ashenzari
Qazlal

Shops:
D:3 :


Innate Abilities, Weirdness & Mutations

You are a creature of crystalline ice.
You have a powerful freezing melee attack.
You are amphibious.
Your maximum health is increased.
Your armour is entirely melded.
You are incapable of wielding weapons or throwing items.
((Your plain brown scales are hard. (AC +5)))
You cannot fit into any form of body armour.
((You are cold-blooded and may be slowed by cold attacks.))


Message History

An adder is nearby!
The adder closely misses you. The adder bites you.
You barely miss the adder. Your kick misses the adder.
Your headbutt misses the adder.
A nearby plant withers and dies. x2
The adder bites you but does no damage. The adder closely misses you.
You miss the adder.
Your tail-slap misses the adder.
The adder bites you but does no damage. x2
You thump the adder!
The adder appears confused.
The adder is almost dead.
Your transformation is almost over.
The adder closely misses you.
An ogre comes into view. It is wielding a +0 giant club.
The ogre shouts!
The adder bites you but does no damage.
You sock the adder!
You kill the adder!
Casting: Beastly Appendage (safe; 2% risk of failure)
Confirm with . or Enter, or press ? or * to list all spells.
You extend your transformation's duration.
You barely miss the ogre.
The ogre hits you with a +0 giant club!!
Casting: Beastly Appendage (safe; 2% risk of failure)
Confirm with . or Enter, or press ? or * to list all spells.
The spell is extremely dangerous to miscast (38% risk of failure)!
Continue anyway?
Your horns disappear.
Your talons disappear.
You turn into a creature of crystalline ice.
Your +3 quarterstaff of chaos melds into your body.
Your +1 cloak melds into your body.
The ogre closely misses you.
You punch the ogre! You freeze the ogre.
The ogre is moderately wounded.
You hit the ogre. You freeze the ogre.
The ogre is heavily wounded.
The ogre hits you with a +0 giant club!
* * * LOW HITPOINT WARNING * * *
You punch the ogre! You freeze the ogre.
The ogre is almost dead.
You hit the ogre but do no damage.
The ogre is almost dead.
The ogre hits you with a +0 giant club!
You die...

. #P....####.#......###.
..#
..♣..........###.....
..P. ~♣~~..##....#
#.####
....♣♣~~♣P.####..###...#
.#.P.~~♣~..# #......#.#
..P~♣~~~~..# ##.###.#.#
#.~~~~~...# #.# #.#.#
....~~...P.# ##.###.#.#
##♣..P..Y#.####...##.#.#
........O#........######
#.#..♣♣#.#####...## #


#PP #........## ... <.#####.## .#. #.# #.# #.# ### ... ..# You could see an
ogre.

Vanquished Creatures
  Crazy Yiuf (D:3)
  3 gnolls (D:4)
  5 adders
  A worm (D:2)
  A dart slug (D:1)
  6 orcs (D:3)
  4 ball pythons
  6 endoplasms
  7 goblins
  2 hobgoblins
  4 jackals
  3 quokkas
  A bat (D:1)
  4 frilled lizards
  10 kobolds
  4 rats
62 creatures vanquished.

Notes
Turn   | Place    | Note
-------+----------+-------------------------------------------
     0 | D:1      | Arctor the Draconian Transmuter began the quest for the
                  | Orb.
     0 | D:1      | Reached XP level 1. HP: 16/16 MP: 3/3
   121 | D:1      | Reached XP level 2. HP: 20/23 MP: 3/5
  1175 | D:2      | Reached XP level 3. HP: 24/29 MP: 2/6
  2151 | D:3      | Found a broken altar of Ashenzari.
  2241 | D:3      | Reached XP level 4. HP: 31/36 MP: 7/7
  2759 | D:3      | Learned a level 4 spell: Ice Form
  2810 | D:3      | Found a stormy altar of Qazlal.
  2872 | D:3      | Found a runed translucent door.
  2883 | D:3      | Noticed Crazy Yiuf
  3007 | D:3      | Found Jeosk's Book Emporium.
  3198 | D:3      | Killed Crazy Yiuf
  3366 | D:4      | Reached XP level 5. HP: 42/42 MP: 9/9
  3497 | D:4      | Noticed an ogre
  3507 | D:4      | Slain by an ogre

Illustrated notes

Levels and vault maps discovered:
D:1:      arrival_zaba_pyramid, layout_basic
D:2:      layout_loops_cross
D:3:      layout_loops_ring, amcnicky_altar_gilded,
          nicolae_qazlal_scattered_showers, serial_shops, shop,
          uniq_crazy_yiuf_cottage
D:4:      layout_loops_ring, serial_bayou, serial_bayou_pond_e,
          serial_bayou_pond_c, serial_bayou_pond_a, serial_bayou_shore_a,
          corexii_leaking_fountain, minmay_misc_feat_ornament,
          nicolae_shop_dragon_depot

Skill      XL: |  1  2  3  4  5 |
---------------+----------------+-----
Dodging        | 2 |  2.7
Fighting       | 2 |  2.5
Transmutations | 3 |  3.0
Unarmed Combat | |  3.8
Spellcasting   | |  2.8

Action                     |  1- 3 |  4- 6 || total
---------------------------+-------+-------++-------
  Melee: Unarmed           |   119 |    30 ||   149
         Kick              |    21 |     7 ||    28
         Tailslap          |     9 |     6 ||    15
         Headbutt          |     8 |     3 ||    11
         Quarterstaff      |       |    37 ||    37
   Cast: Beastly Appendage |    87 |    28 ||   115
         Ice Form          |       |     2 ||     2
    Use: Scroll            |     5 |       ||     5
 Armour: Skin              |    40 |    22 ||    62
  Dodge: Dodged            |    70 |    58 ||   128
